 Dungeon Crawl Stone Soup version 0.31-a0-267-g3fc6992b3b (webtiles) character file.

Game seed: 9086987124979601420

87 qw the Shooter (level 4, -1/36 HPs)
             Began as a Minotaur Hexslinger on July 14, 2023.
             Slain by an orc wizard
             ... wielding a +0 dagger
              (2 damage)
             ... on level 3 of the Dungeon.
             The game lasted 00:00:34 (1690 turns).

qw the Shooter (Minotaur Hexslinger)                Turns: 1690, Time: 00:00:34

Health: -1/36      AC:  4    Str: 13    XL:     4   Next: 28%
Magic:  4/4        EV: 12    Int: 10    God:
Gold:   69         SH:  0    Dex: 14    Spells: 4/5 levels left

rFire   . . .        Y - +3 sling
rCold   + . .        (no shield)
rNeg    . . .        b - +0 leather armour
rPois   .            (helmet restricted)
rElec   .            (no cloak)
rCorr   .            e - +0 pair of gloves
SInv    .            (no boots)
Will    .....        (no amulet)
Stlth   +            f - ring of protection from cold
HPRegen 0.26/turn    (no ring)
MPRegen 0.09/turn

%: no passive effects
@: confused
A: horns 2, retaliatory headbutt
a: no special abilities


You were on level 3 of the Dungeon.
You visited 1 branch of the dungeon, and saw 3 of its levels.

You collected 69 gold pieces.


Innate Abilities, Weirdness & Mutations

You have a pair of horns on your head.
You reflexively headbutt those who attack you in melee.


   Skills:
 - Level 2.0 Fighting
 + Level 4.8 Ranged Weapons
 - Level 2.1 Dodging
 - Level 1.0 Spellcasting
 - Level 2.0 Hexes


You had 4 spell levels left.
You knew the following spells:

 Your Spells              Type           Power      Damage    Failure   Level
a - Slow                  Hex            16%        N/A       19%         1

Your spell library contained the following spells:

 Spells                   Type           Power      Damage    Failure   Level
 Inner Flame              Hex/Fire       2%         N/A       65%         3
 Portal Projectile        Hex/Tloc       4%         N/A       65%         3
 Cause Fear               Hex            2%         N/A       88%         4

Inventory:

Hand Weapons
 Y - a +3 sling (weapon)
Armour
 b - a +0 leather armour (worn)
 e - a +0 pair of gloves (worn)
Jewellery
 a - a +6 ring of dexterity
 f - a ring of protection from cold (left hand)
Potions
 j - a potion of heal wounds {unknown}
 l - a potion of mutation {unknown}

Dungeon Overview and Level Annotations

Branches:
Dungeon (3/15)

Altars:
Qazlal


Message History

The orc wizard gestures at you while chanting.
The puff of flame hits you. Something hits you. The orc wizard misses you.
Something hits you.
You feel less confused.
The orc wizard hits you with a +0 dagger.
Something hits you but does no damage.
You shoot a sling bullet.
The sling bullet closely misses the orc wizard.
The sling bullet hits the orc.
The orc is heavily wounded.
The orc wizard misses you. You furiously retaliate!
You headbutt the orc wizard. Something hits you but does no damage.
You shoot a sling bullet.
The sling bullet closely misses the orc wizard.
The sling bullet hits the orc!
You kill the orc!
The orc wizard points at you and mumbles some strange words.
The magic dart hits you. Something hits you.
You shoot a sling bullet. The sling bullet hits the orc wizard!
You kill the orc wizard!
Something hits you but does no damage.
You hear some strange, mumbled words.
You are confused.
You have reached level 4!
You feel stronger.
You shoot a sling bullet. Something hits you but does no damage.
You shoot a sling bullet. Something hits you but does no damage.
You shoot a sling bullet.
You hear some strange, mumbled words.
A puff of flame appears from out of thin air!
The puff of flame misses you.
You shoot a sling bullet. Something hits you but does no damage.
You hear some strange, mumbled words.
A puff of flame appears from out of thin air!
The puff of flame hits you!
You shoot a sling bullet. Something hits you.
You die...

######.#
#.......#
#.#
#.##.##.#
#.#
#.##.##.#
#.#
#.##.##.#
##.# ### .#
##..#
##..##
.######{.##
....)))@##
.########


There were no monsters in sight!

Vanquished Creatures
  An orc wizard (D:3)
  2 adders (D:2)
  A worm (D:2)
  2 dart slugs
  2 orcs (D:3)
  3 ball pythons
  3 bats
  2 endoplasms (D:3)
  A giant cockroach (D:3)
  2 hobgoblins
  2 jackals (D:1)
  A kobold (D:2)
  2 quokkas
  5 frilled lizards
  4 goblins
  4 rats
37 creatures vanquished.

Notes
Turn   | Place    | Note
-------+----------+-------------------------------------------
     0 | D:1      | qw the Minotaur Hexslinger began the quest for the Orb.
     0 | D:1      | Reached XP level 1. HP: 16/16 MP: 1/1
     0 | D:1      | 0 ||| qw: Version: 0.3-a-52-g30416fa
     0 | D:1      | 0 ||| qw: Game counter: 7895
     0 | D:1      | 0 ||| qw: Melee chars always use a shield: true
     0 | D:1      | 0 ||| qw: God list: Okawaru
     0 | D:1      | 0 ||| qw: Allow faded altars: false
     0 | D:1      | 0 ||| qw: Do Orc after clearing Dungeon:15 true
     0 | D:1      | 0 ||| qw: Do second Lair branch before Depths: true
     0 | D:1      | 0 ||| qw: Lair rune preference: random
     0 | D:1      | 0 ||| qw: Goals: Normal
     0 | D:1      | 0 ||| PLANNING D:1-11
   193 | D:1      | Reached skill level 3 in Ranged Weapons
   193 | D:1      | Reached XP level 2. HP: 23/23 MP: 2/2
   651 | D:1      | 651 ||| UPGRADING to ring of protection from cold.
   652 | D:1      | 652 ||| DROPPING ring of flight.
   653 | D:1      | 653 ||| READING scroll labelled ENITZA YMIRGHU.
   654 | D:1      | 654 ||| READING scroll labelled URA AM UPSEFFA.
   655 | D:1      | 655 ||| READING 2 scrolls labelled HYXEMEJIVE.
   656 | D:1      | 656 ||| READING scroll of enchant weapon.
   656 | D:1      | 656 ||| ENCHANTING +2 sling.
   657 | D:1      | 657 ||| READING scroll labelled OPAM XOUTI.
   758 | D:1      | 758 ||| DRINKING 2 viscous clear potions.
   759 | D:1      | 759 ||| DROPPING scroll of poison.
   844 | D:2      | Found a stormy altar of Qazlal.
   876 | D:2      | Reached XP level 3. HP: 8/29 MP: 3/3
   877 | D:2      | HP: 7/29 [poisoned by an adder]
  1267 | D:2      | Reached skill level 4 in Ranged Weapons
  1542 | D:2      | 1542 ||| UPGRADING to +0 leather armour.
  1552 | D:2      | 1552 ||| DROPPING +0 robe.
  1553 | D:2      | 1553 ||| UPGRADING to +0 pair of gloves.
  1558 | D:2      | 1558 ||| READING 2 scrolls labelled HYALLO RYTHUSK.
  1559 | D:2      | 1559 ||| READING scroll labelled CEUTSI GI ETU.
  1560 | D:2      | 1560 ||| DROPPING scroll of fog.
  1671 | D:3      | 1671 ||| DRINKING potion of curing.
  1671 | D:3      | 1671 ||| (to cure confusion)
  1684 | D:3      | HP: 7/29 [orc wizard/magic dart (3)]
  1686 | D:3      | Reached XP level 4. HP: 8/36 MP: 4/4
  1689 | D:3      | HP: 1/36 [something/puff of flame (9)]
  1690 | D:3      | Slain by an orc wizard

Levels and vault maps discovered:
D:1:      giann_wishing_wells, layout_basic
D:2:      layout_basic, basic_altar
D:3:      layout_basic, kennysheep_jessica_study

Skill      XL: |  1  2  3 |
---------------+----------+-----
Ranged Weapons | 3 4 |  4.8
Fighting       | 2 |  2.0
Dodging        | |  2.1
Spellcasting   | |  1.0
Hexes          | |  2.0

Action                     |  1- 3 |  4- 6 || total
---------------------------+-------+-------++-------
   Fire: Sling             |   109 |     5 ||   114
    Use: Scroll            |     7 |       ||     7
         Potion            |     2 |       ||     2
 Armour: Robe              |     9 |       ||     9
         Leather armour    |     5 |     3 ||     8
  Dodge: Dodged            |    22 |     1 ||    23

Table legend:
 A = Non-vault XP
 B = Vault XP
 C = Vault XP percentage of total XP
 D = Non-vault monster count
 E = Vault monster count
 F = Vault count percentage of total count
                 A         B        C        D         E       F
            +---------+---------+-------+---------+---------+-------
      Total |     125 |       0 |   0.0 |      37 |       0 |   0.0
            +---------+---------+-------+---------+---------+-------
        D:1 |      20 |       0 |   0.0 |      11 |       0 |   0.0
        D:2 |      53 |       0 |   0.0 |      17 |       0 |   0.0
        D:3 |      52 |       0 |   0.0 |       9 |       0 |   0.0
            +---------+---------+-------+---------+---------+-------
